AoeStats
← grantclements16

African Clearing

504388745Analyzed
2v2 RM · 27d ago on Sep 5, 2026· 56m 53s· 4 players
Game mode
Random Map
Map size
Medium (4 player)
Population
200
Speed
Normal
Resources
Standard
Victory
Conquest
Starting age
Dark Age
Ending age
Imperial Age
RankedLock teamsTeams togetherTeam positionsShared explorationLock speedFull tech treeHidden civsTurbo modeCheats
Victory
Defeat
🇺🇸 Saracens · United States
1218
+15
🇺🇸 Vietnamese · United States
1215
+15
🇺🇾 Berbers · Uruguay
1213
-15
🇦🇷 Hindustanis · Argentina
1190
-15
Gonzat92
5:39 Loom
13:37 Feudal Age
16:33 Forging
16:15 Fletching
26:00 Castle Age
26:23 Crossbowman
40:17 Bodkin Arrow
48:05 Wheelbarrow
47:29 Gold Mining
48:07 Stone Mining
49:23 Gold Shaft Mining
50:41 Scale Barding Armor
50:47 Forging
51:08 Bloodlines
50:58 Husbandry
53:10 Padded Archer Armor
55:29 Scale Mail Armor
Lord Selby
10:27 Loom
12:46 Feudal Age
17:40 Castle Age
16:00 Padded Archer Armor
17:57 Gold Mining
18:01 Stone Mining
18:16 Gold Mining
18:21 Double-Bit Axe
19:35 Gold Mining
21:13 Fletching
24:12 Bodkin Arrow
25:02 Leather Archer Armor
33:37 Town Watch
35:23 Wheelbarrow
35:49 Bloodlines
37:08 Gold Shaft Mining
37:16 Herbal Medicine
39:12 Kasbah
40:15 Stone Shaft Mining
40:41 Ballistics
41:27 Bow Saw
40:59 Horse Collar
41:44 Redemption
45:58 Imperial Age
44:49 Hand Cart
44:40 Heavy Plow
45:09 Thumb Ring
45:36 Husbandry
46:39 Bracer
47:42 Chemistry
48:05 Conscription
48:37 Ring Archer Armor
50:07 Town Patrol
51:46 Elite Camel Archer
54:01 Maghrebi Camels
grantclements16
9:24 Loom
15:36 Feudal Age
19:04 Castle Age
19:56 Forging
19:35 Double-Bit Axe
20:24 Bloodlines
20:47 Bow Saw
22:05 Horse Collar
38:25 Scale Barding Armor
44:58 Imperial Age
44:04 Chain Barding Armor
44:20 Iron Casting
45:05 Wheelbarrow
44:43 Heavy Plow
47:55 Blast Furnace
47:32 Hand Cart
47:06 Elite Mameluke
48:59 Plate Barding Armor
53:34 Gold Mining
55:37 Husbandry
54:58 Light Cavalry
Nike Nerd
5:03 Loom
14:37 Feudal Age
16:09 Fletching
17:13 Double-Bit Axe
23:51 Padded Archer Armor
28:52 Horse Collar
34:24 Castle Age
34:47 Castle Age
35:44 Elite Skirmisher
38:04 Bodkin Arrow
43:35 Town Watch
44:46 Bow Saw
45:05 Heavy Plow
47:13 Wheelbarrow
47:34 Ballistics
49:10 Hand Cart
49:42 Thumb Ring
50:07 Gold Mining
53:06 Imperial Age
51:21 Leather Archer Armor
52:52 Town Patrol
53:12 Imperial Skirmisher
56:13 Paper Money
Connection lost

Rejoining the realm…

Still unreachable

The connection could not be restored.

Session expired

The server has moved on; the page needs a fresh start.